 Dungeon Crawl Stone Soup version 0.22-b1-21-g5cfc1688f2 (webtiles) character file.

1228 Kirk the Cleaver (level 8, -13/58 HPs)
             Began as a Demonspawn Fighter on Aug 5, 2018.
             Was a Believer of Okawaru.
             Mangled by an ogre
             ... wielding a cursed +0 giant club
              (31 damage)
             ... on level 5 of the Dungeon.
             The game lasted 00:07:37 (4445 turns).

Kirk the Cleaver (Demonspawn Fighter)               Turns: 4445, Time: 00:07:38

Health: -13/58     AC:  8    Str: 19    XL:     8   Next: 23%
Magic:  8/8        EV: 11    Int:  9    God:    Okawaru [**....]
Gold:   32         SH:  0    Dex: 16    Spells: 7/7 levels left

rFire    . . .     SeeInvis +   a - +1 war axe
rCold    . . .     Gourm    .   (no shield)
rNeg     . . .     Faith    .   b - +1 scale mail
rPois    .         Spirit   .   (helmet unavailable)
rElec    .         Reflect  .   (no cloak)
rCorr    .         Harm     +   (no gloves)
MR       .....                  (no boots)
Stlth    ..........             n - amulet of harm
HPRegen  0.19/turn              p - +3 ring of dexterity
MPRegen  0.11/turn              (no ring)

@: no status effects
A: antennae 3, repulsion field 1, rot immunity
a: Heroism, Renounce Religion


You were on level 5 of the Dungeon.
You worshipped Okawaru.
Okawaru was pleased with you.
You were hungry.

You visited 2 branches of the dungeon, and saw 6 of its levels.

You collected 197 gold pieces.
You spent 165 gold pieces at shops.

Inventory:

Hand Weapons
 a - a +1 war axe (weapon)
Armour
 b - a +1 scale mail (worn)
 c - a +0 shield
 h - a +1 leather armour of poison resistance
 u - a +0 plate armour
Jewellery
 e - an uncursed amulet of rage
 n - an amulet of harm (around neck)
 p - a +3 ring of dexterity (left hand)
Wands
 d - a wand of flame (28)
Scrolls
 g - a scroll of identify
 i - 3 scrolls of magic mapping
 j - a scroll of fear
 m - 2 scrolls of enchant weapon
 o - 2 scrolls of remove curse
 s - 2 scrolls of teleportation
 t - a scroll of silence {unknown}
Potions
 k - 3 potions of lignification
 l - a potion of brilliance
 q - a potion of resistance
 v - a potion of curing
Comestibles
 f - 8 rations
 r - 2 chunks of flesh


   Skills:
 - Level 3.0 Fighting
 * Level 8.1 Axes
 + Level 5.2 Armour
 - Level 2.6 Shields


You had 7 spell levels left.
You didn't know any spells.
Your spell library contained the following spells:

 Spells                   Type           Power        Failure   Level  Hunger
 Confuse                  Hex            #.......     98%         3    ####...
 Tukima's Dance           Hex            #.......     98%         3    ####...
 Stone Arrow              Conj/Erth      #.....       98%         3    ####...
 Passwall                 Tmut/Erth      #.......     86%         2    ###....
 Ensorcelled Hibernation  Hex/Ice        #.....       86%         2    ###....
 Corona                   Hex            #......      75%         1    ##.....
 Lee's Rapid Deconstruct  Erth           #.........   100%        5    ######.
 Sandblast                Erth           #.....       75%         1    ##.....
 Petrify                  Tmut/Erth      #.......     100%        4    #####..
 Dazzling Spray           Conj/Hex       #.....       98%         3    ####...


Dungeon Overview and Level Annotations

Branches:
Dungeon (5/15)             Temple (1/1) D:4

Altars:
Cheibriados
Dithmenos
Elyvilon
Fedhas
Kikubaaqudgha
Nemelex Xobeh
Okawaru
Qazlal
Ru
Vehumet
Wu Jian
Yredelemnul
The Shining One

Shops:
D:5 !*


Innate Abilities, Weirdness & Mutations

You have a pair of large antennae on your head. (SInv)
You are surrounded by a mild repulsion field. (EV +2)
You are immune to rotting.


Message History

You hit the orc.
The orc is lightly wounded.
The orc closely misses you.
Your scale mail prevents you from hitting the orc.
The orc is lightly wounded.
The orc hits you with a short sword.
You slice the orc!!
You kill the orc!
Okawaru accepts your kill.
You are feeling hungry.
You hit the ogre.
The ogre is lightly wounded.
The ogre hits you with a giant club!!
Ouch! That really hurt!
* * * LOW HITPOINT WARNING * * *
Things that are here:
a dagger; a robe; an orc corpse The ogre hits you with a giant club!!
Ouch! That really hurt!
You die...

#.##.###.#
##<###.#
#........#
#.# #..
###.....##
#.# ###
#.....# #+#
#.....#
#.....#
###.#.##
###.O..####
#...@.....+
#.#....##.#
#.#.#.## #
#.#.###
#.#...#
#.###.# #.#
#.#
#.###.###.#
#.#
#.........#
##.##


You could see an ogre.

Vanquished Creatures
  Sigmund (D:4)
  A water moccasin (D:5)
  Duvessa (D:4)
  A phantom (D:5)
  Dowan (D:4)
  A scorpion (D:4)
  2 howler monkeys
  3 crimson imps (D:5)
  2 orc wizards
  3 orc priests
  3 iguanas
  Natasha (twice) (D:4)
  4 worker ants
  6 adders
  A shadow imp (D:4)
  2 worms
  A leopard gecko (D:4)
  8 orcs
  5 bats
  4 giant cockroaches
  5 goblins
  3 hobgoblins
  8 jackals
  3 quokkas (D:4)
  2 ball pythons
  2 frilled lizards
  4 kobolds
  A leopard gecko skeleton (D:5)
  5 rats
85 creatures vanquished.

Notes
Turn   | Place    | Note
-------+----------+-------------------------------------------
     0 | D:1      | Kirk the Demonspawn Fighter began the quest for the Orb.
     0 | D:1      | Reached XP level 1. HP: 18/18 MP: 1/1
   258 | D:1      | Reached skill level 2 in Axes
   298 | D:1      | Gained mutation: You have a pair of small antennae on your head. [demonic ancestry]
   298 | D:1      | Reached XP level 2. HP: 17/24 MP: 2/2
  1050 | D:2      | Found a sparkling altar of Nemelex Xobeh.
  1114 | D:2      | Reached XP level 3. HP: 22/29 MP: 3/3
  1772 | D:3      | Reached skill level 3 in Axes
  1970 | D:3      | Gained mutation: You have a pair of antennae on your head. [demonic ancestry]
  1970 | D:3      | Reached XP level 4. HP: 35/35 MP: 4/4
  2188 | D:3      | Found a snail-covered altar of Cheibriados.
  2188 | D:3      | Found an ornate altar of the Wu Jian Council.
  2189 | D:3      | Found an ancient bone altar of Kikubaaqudgha.
  2354 | D:3      | Reached skill level 4 in Axes
  2354 | D:3      | Gained mutation: You are surrounded by a mild repulsion field. (EV +2) [demonic ancestry]
  2354 | D:3      | Reached XP level 5. HP: 37/41 MP: 5/5
  2616 | D:4      | Noticed Duvessa
  2633 | D:4      | Killed Duvessa
  2636 | D:4      | Reached XP level 6. HP: 32/47 MP: 6/6
  2644 | D:4      | Noticed Dowan
  2648 | D:4      | Killed Dowan
  2648 | D:4      | Reached skill level 5 in Axes
  2732 | D:4      | Found a staircase to the Ecumenical Temple.
  2745 | Temple   | Entered the Ecumenical Temple
  2763 | Temple   | Became a worshipper of Warmaster Okawaru
  2978 | D:4      | Reached skill level 6 in Axes
  3005 | D:4      | Noticed Sigmund
  3029 | D:4      | Gained mutation: You have a pair of large antennae on your head. (SInv) [demonic ancestry]
  3029 | D:4      | Reached XP level 7. HP: 28/52 MP: 7/7
  3040 | D:4      | Killed Sigmund
  3040 | D:4      | Reached * piety under Okawaru
  3260 | D:4      | Noticed Natasha
  3274 | D:4      | Killed Natasha
  3365 | D:4      | Noticed Natasha
  3371 | D:4      | Killed Natasha
  3529 | D:5      | Entered Level 5 of the Dungeon
  3572 | D:5      | Reached skill level 7 in Axes
  3939 | D:5      | Found Uczaephu's Assorted Antiques.
  3950 | D:5      | Bought a gilded ring for 165 gold pieces
  4127 | D:5      | Reached skill level 5 in Armour
  4127 | D:5      | Gained mutation: You are immune to rotting. [demonic ancestry]
  4127 | D:5      | Reached XP level 8. HP: 51/58 MP: 8/8
  4162 | D:5      | Found Joetet's Distillery.
  4181 | D:5      | Found a basalt altar of Yredelemnul.
  4204 | D:5      | Reached ** piety under Okawaru
  4401 | D:5      | Reached skill level 8 in Axes
  4445 | D:5      | Mangled by an ogre

Skill      XL: |  1  2  3  4  5  6  7  8 |
---------------+-------------------------+-----
Axes           | 2 3 4 6 7 8 |  8.1
Armour         | 3 4 5 |  5.2
Fighting       | |  3.0
Shields        | |  2.6

Action                   |  1- 3 |  4- 6 |  7- 9 || total
-------------------------+-------+-------+-------++-------
Melee: War axe           |    83 |   118 |    99 ||   300
  Use: Scroll            |       |    13 |     1 ||    14
       Potion            |       |     3 |     3 ||     6
  Eat: Chunk             |     3 |     4 |     4 ||    11
Armor: Scale mail        |    74 |    53 |    23 ||   150
       Skin              |       |       |    12 ||    12
Dodge: Dodged            |    52 |    64 |    46 ||   162
